 Dungeon Crawl Stone Soup version 0.19-a0-13-gc67dc5e (webtiles) character file.

193 aurelian the Chiller (level 5, -9/38 HPs)
             Began as a Draconian Ice Elementalist on Apr 29, 2016.
             Mangled by an Executioner (12 damage)
             ... created by miscasting Summon Ice Beast
             ... on level 3 of the Dungeon.
             The game lasted 00:09:00 (3468 turns).

aurelian the Chiller (Draconian Ice Elementalist)   Turns: 3468, Time: 00:09:01

Health: -9/38      AC:  5    Str: 10    XL:     5   Next: 43%
Magic:  3/8        EV: 12    Int: 17    God:
Gold:   75         SH:  0    Dex: 11    Spells: 3 memorised, 0 levels left

rFire  . . .     SeeInvis .     e - +0 short sword (drain)
rCold  + . .     Gourm    .     (armour unavailable)
rNeg   . . .     Faith    .     (no shield)
rPois  .         Spirit   .     (helmet restricted)
rElec  .         Dismiss  .     (no cloak)
rCorr  .         Reflect  .     (no gloves)
SustAt .         Harm     .     (no boots)
MR     .....                    (no amulet)
Stlth  ++........               (no ring)
                                h - ring of protection from cold

@: very slightly contaminated, hasted, very quick, not resistant to hostile
enchantments, unstealthy
A: unfitting armour, cold-blooded, AC +5
a: no special abilities


You were on level 3 of the Dungeon.
You were hungry.

You visited 1 branch of the dungeon, and saw 4 of its levels.

You collected 75 gold pieces.

Inventory:

Hand Weapons
 e - a +0 short sword of draining (weapon)
Missiles
 c - 102 stones (quivered)
Jewellery
 h - a ring of protection from cold (left hand)
 j - a cursed -3 ring of intelligence {unknown}
Wands
 s - a wand of random effects (7/48)
Scrolls
 f - a scroll of amnesia {unknown}
 i - a scroll of enchant weapon {unknown}
 k - a scroll of recharging {unknown}
 m - a scroll of magic mapping
 n - a scroll of fog {unknown}
 o - a scroll of identify {unknown}
 q - a scroll of teleportation {unknown}
 r - a scroll of blinking {unknown}
 x - a scroll of noise {unknown}
Potions
 p - a potion of cancellation {unknown}
 t - a potion of mutation {unknown}
 u - a potion of might {unknown}
 v - a potion of flight {unknown}
 z - a potion of heal wounds {unknown}
Books
 a - a book of Frost

   Spells                             Type                      Level
   a - Freeze                         Ice                          1
   b - Throw Frost                    Conjuration/Ice              2
   c - Ozocubu's Armour               Charms/Ice                   3
   d - Throw Icicle                   Conjuration/Ice              4
   e - Summon Ice Beast               Ice/Summoning                4
Comestibles
 b - 5 bread rations
 l - 2 meat rations


   Skills:
 - Level 1.7 Dodging
 - Level 2.0 Stealth
 + Level 2.0 Spellcasting
   Level 1.0 Conjurations
 - Level 6.1 Ice Magic


You couldn't memorise any spells.
You knew the following spells:

 Your Spells              Type           Power        Failure   Level  Hunger
a - Freeze                Ice            ###.         1%          1    #......
b - Ozocubu's Armour      Chrm/Ice       ##......     17%         3    ###....
c - Summon Ice Beast      Ice/Summ       ##......     58%         4    #####..


Dungeon Overview and Level Annotations

Branches:
Dungeon (4/15)
 Temple: D:4-7

Altars:
Nemelex Xobeh
Pakellas
Trog

Annotations:
D:3 Grinder
D:4 Arglure's ghost, amateur HEAM


Innate Abilities, Weirdness & Mutations

Your plain brown scales are hard (AC +5).
Your body does not fit into most forms of armour.
You are cold-blooded and may be slowed by cold attacks.


Message History

The spell is very dangerous to cast!
Continue anyway?
You miscast Summon Ice Beast.
You sense a hostile presence.
An Executioner comes into view.
Grinder blinks!
Press: ? - help, v - describe, . - travel
Here: an Executioner (durably summoned)
The floor.
Unknown command.
Read which item? (? for menu, Esc to quit)
As you read the scroll labeled REFIMA VEDAIRGH, it crumbles to dust.
You feel momentarily disoriented.
It was a scroll of magic mapping.
The Executioner gestures.
The Executioner seems to speed up.
The Executioner closely misses you.
The Executioner hits you but does no damage.
The Executioner barely misses you.
Read which item? (? for menu, Esc to quit)
Okay, then.
Drink which item? (? for menu, Esc to quit)
You feel yourself speed up. The Executioner hits you!
You die...

###....####.####...# #.#
.......##.....##.### #.#
##..##.#.....[.#..# #.#
#.....#.......#..####.########
#.....)..._[..............[..#
#.#...#.......#...###........#
##.....#......)#..............#
.......##.....##1#[)#..###....#
######.####.####@#<<#..# #....#
#......5....#..#..# #....#
##..#.#####.#.....# ######
#....# #.#.....# ####.#
#.###...# #.# #.......#
#.#####.......# #.............#
#............>#


You could see an Executioner and Grinder.

Vanquished Creatures
  An orc priest (D:3)
  Natasha (thrice) (D:2)
  2 adders
  An ooze (D:1)
  3 worms
  A dart slug (D:2)
  5 orcs (D:3)
  2 giant cockroaches
  5 goblins
  5 hobgoblins
  5 jackals
  7 bats
  2 giant newts
  6 kobolds
  3 rats
51 creatures vanquished.

Notes
Turn   | Place    | Note
--------------------------------------------------------------
     0 | D:1      | aurelian the Draconian Ice Elementalist began the quest for the Orb.
     0 | D:1      | Reached XP level 1. HP: 14/14 MP: 3/3
   558 | D:1      | Reached XP level 2. HP: 20/20 MP: 5/5
   901 | D:1      | Reached skill level 4 in Ice Magic
  1181 | D:2      | Noticed Natasha
  1187 | D:2      | Reached XP level 3. HP: 26/26 MP: 4/6
  1214 | D:2      | Killed Natasha
  1220 | D:2      | Noticed Natasha
  1225 | D:2      | Killed Natasha
  1225 | D:2      | Reached XP level 4. HP: 22/33 MP: 1/7
  1422 | D:2      | Found a bloodstained altar of Trog.
  1430 | D:2      | Reached skill level 5 in Ice Magic
  1630 | D:2      | Found a sparkling altar of Nemelex Xobeh.
  1900 | D:2      | Noticed Natasha
  1906 | D:2      | Killed Natasha
  2405 | D:3      | Reached XP level 5. HP: 36/38 MP: 6/8
  2462 | D:3      | Found an oddly glowing altar of Pakellas.
  2973 | D:3      | Reached skill level 6 in Ice Magic
  2981 | D:3      | Learned a level 3 spell: Ozocubu's Armour
  2986 | D:3      | Learned a level 4 spell: Summon Ice Beast
  3343 | D:4      | Noticed Grinder
  3345 | D:4      | Paralysed by Grinder for 3 turns
  3352 | D:3      | Paralysed by Grinder for 5 turns
  3432 | D:4      | Noticed Arglure's ghost (amateur HEAM)
  3439 | D:3      | Paralysed by Grinder for 2 turns
  3458 | D:3      | Paralysed by Grinder for 4 turns
  3466 | D:3      | Noticed an Executioner
  3468 | D:3      | Mangled by an Executioner

Vault maps used:
D:1:      noname_arrival_rooms_in_the_neighbourhood, kennysheep_nondescript,
          hex_medium
D:2:      old_standard_altar, hex_tiny, nemelex_xobeh_ov_fountains_minmay,
          uniq_natasha
D:3:      old_standard_altar
D:4:      black_bear_nest_2, zin_scriptorium, fedhas_altar_4,
          nicolae_overflow_hidden_temple, first_bread, uniq_pikel, uniq_grinder,
          uniq_crazy_yiuf_cottage

Skill      XL: |  1  2  3  4  5 |
---------------+----------------+-----
Stealth        | 2 |  2.0
Ice Magic      | 4 5 6 |  6.1
Dodging        | |  1.7
Spellcasting   | |  2.0
Conjurations   | |  1.0

Action                   |  1- 3 |  4- 6 || total
-------------------------+-------+-------++-------
Melee: Unarmed           |    14 |       ||    14
       Tailslap          |     3 |       ||     3
       Short sword       |    16 |    20 ||    36
Throw: Stone             |     5 |     2 ||     7
 Cast: Freeze            |    21 |    57 ||    78
       Summon Ice Beast  |       |     1 ||     1
Evoke: Wand              |       |     5 ||     5
  Use: Potion            |       |     5 ||     5
       Scroll            |       |     1 ||     1
 Stab: Sleeping          |     1 |     1 ||     2
  Eat: Chunk             |     1 |     8 ||     9
Armor: Skin              |    23 |    12 ||    35
Dodge: Dodged            |    35 |    36 ||    71
